 Dungeon Crawl Stone Soup version 0.22-a0-305-gd21a89c (webtiles) character file.

26 xccam the Shield-Bearer (level 3, 0/29 HPs)
             Began as a Formicid Fighter on Mar 30, 2018.
             Succumbed to an adder's poison
             ... on level 2 of the Dungeon.
             The game lasted 00:01:24 (639 turns).

xccam the Shield-Bearer (Formicid Fighter)           Turns: 639, Time: 00:01:24

Health: 0/29       AC:  6    Str: 21    XL:     3   Next: 22%
Magic:  3/3        EV:  7    Int:  7    God:
Gold:   19         SH:  9    Dex: 10    Spells: 2/2 levels left

rFire    . . .     SeeInvis +   a - +0 flail
rCold    . . .     Gourm    .   c - +0 shield
rNeg     . . .     Faith    .   b - +0 scale mail
rPois    .         Spirit   .   (helmet unavailable)
rElec    .         Reflect  .   (no cloak)
rCorr    .         Harm     .   (no gloves)
MR       .....                  (no boots)
Stlth    ..........             (no amulet)
HPRegen  0.09/turn              (no ring)
MPRegen  0.08/turn              (no ring)

@: lethally poisoned (0 -> -7)
A: permanent stasis, dig shafts and tunnels, four strong arms, antennae 3
a: Dig, Shaft Self


You were on level 2 of the Dungeon.
You were not hungry.

You visited 1 branch of the dungeon, and saw 2 of its levels.

You collected 19 gold pieces.

Inventory:

Hand Weapons
 a - a +0 flail (weapon)
Armour
 b - a +0 scale mail (worn)
 c - a +0 shield (worn)
 g - a +0 plate armour
Scrolls
 e - 2 scrolls of fear {unknown}
 h - a scroll of enchant armour {unknown}
 i - a scroll of identify {unknown}
Potions
 d - 2 potions of might
Comestibles
 f - a ration


   Skills:
 - Level 3.2 Fighting
 + Level 3.4 Maces & Flails
 - Level 3.2 Armour
 - Level 3.6 Shields


You had 2 spell levels left.
You didn't know any spells.

Dungeon Overview and Level Annotations

Branches:
Dungeon (2/15)

Altars:


Innate Abilities, Weirdness & Mutations

You cannot be hasted, slowed, berserked, paralysed or teleported.
You can dig through walls and to a lower floor.
Your four strong arms can wield two-handed weapons with a shield.
You have a pair of large antennae on your head. (SInv)


Message History

The adder bites you but does no damage. You block the worm's attack.
The quokka barely misses you. The adder bites you.
A bat comes into view.
Your shield and scale mail prevent you from hitting the adder.
The adder is almost dead.
You feel sick. You block the adder's attack.
The quokka bites you but does no damage.
The worm bites you!
* * * LOW HITPOINT WARNING * * *
The adder barely misses you.
It was a potion of berserk rage.
Your stasis prevents you from going berserk.
* * * LOW HITPOINT WARNING * * *
You feel sick. The bat barely misses you. You block the quokka's attack.
The adder bites you but does no damage. You block the quokka's attack.
The bat barely misses you. The worm barely misses you.
Unknown command.
The bat hits you but does no damage. The adder barely misses you.
The quokka bites you but does no damage.
You die...

.. .. ....## ... #.
..... ... #. ....#
.##.# . ....#
......#....#
#.#.#Z....#
#...rSw...#
#.#@....##########
#...b...##.......#
###.######.##.##<###
#....###.#........
####........##.### {
#####.#####.#
#.#####.# #.......#
#########


You could see a worm, an adder, a howler monkey zombie, a quokka and a bat.

Vanquished Creatures
  4 hobgoblins (D:1)
  2 jackals (D:1)
  7 bats
  3 frilled lizards (D:1)
  4 goblins (D:1)
  A kobold (D:1)
  4 rats (D:1)
25 creatures vanquished.

Notes
Turn   | Place    | Note
-------+----------+-------------------------------------------
     0 | D:1      | xccam the Formicid Fighter began the quest for the Orb.
     0 | D:1      | Reached XP level 1. HP: 18/18 MP: 1/1
   177 | D:1      | Reached XP level 2. HP: 20/24 MP: 2/2
   357 | D:1      | Reached XP level 3. HP: 29/29 MP: 3/3
   637 | D:2      | HP: 1/29 [poisoned by an adder]
   639 | D:2      | Succumbed to an adder's poison

Vault maps used:
D:1:      giann_wishing_wells, solitary_fountain
D:2:      serial_undead, serial_undead_e, serial_undead_a, serial_undead_c,
          serial_undead_c, serial_undead_e, serial_undead_d

Skill      XL: |  1  2 |
---------------+-------+-----
Maces & Flails | 3 |  3.4
Fighting       | |  3.2
Armour         | |  3.2
Shields        | |  3.6

Action                   || total
-------------------------++-------
Melee: Flail             ||    93
  Use: Potion            ||     1
Armor: Scale mail        ||    59
Dodge: Dodged            ||    34
Block: Shield            ||    53

Table legend:
 A = Spawn XP
 B = Non-spawn XP
 C = Spawn XP percentage of total XP
 D = Spawn monster count
 E = Non-spawn monster count
 F = Spawn count percentage of total count
 G = Total turns spent on level
                    A         B        C        D         E        F      G
               +---------+---------+-------+---------+---------+-------+---------
         Total |       0 |      38 |   0.0 |       0 |      25 |   0.0 |   639
               +---------+---------+-------+---------+---------+-------+---------
           D:1 |       0 |      36 |   0.0 |       0 |      24 |   0.0 |   603
           D:2 |       0 |       2 |   0.0 |       0 |       1 |   0.0 |    36
               +---------+---------+-------+---------+---------+-------+---------
